Map: Blackburn LE

Players

ShoWTimE

  • Race: Protoss Protoss

Clem - Winner!

  • Race: Terran Terran

Event: DreamHack SC2 Masters 2021 Winter

VOD

Have the link to the VOD?

Description

Time

  • Played on: Oct. 17, 2021, 11:54 a.m.
  • Length: 21:52

All games in this series

Show
View Real Time Build Order
Export as new Build Order

ShoWTimE Protoss 

Build Orders: 1 Gate Expand, Oracle Opening 

Get SALT Encoding   

  12  0:00  Probe  
  13  0:12  Probe  
  14  0:17  Pylon  
  14  0:24  Probe  
  15  0:35  Gateway  
  15  0:36  Probe (Chrono Boost)  
  16  0:46  Assimilator, Probe (Chrono Boost)  
  17  0:51  Probe (Chrono Boost)  
  18  1:03  Probe  
  19  1:15  Probe  
  20  1:23  Nexus  
  20  1:32  Cybernetics Core  
  20  1:36  Probe  
  21  1:41  Assimilator  
  21  1:48  Probe  
  21  1:52  Pylon  
  22  2:00  Probe  
  23  2:07  Adept (Chrono Boost)  
  23  2:12  Probe  
  26  2:20  Stargate  
  26  2:25  Probe (Chrono Boost)  
  26  2:27  Adept (Chrono Boost)  
  27  2:33  Warp Gate  
  27  2:36  Probe (Chrono Boost)  
  31  2:43  Probe (Chrono Boost)  
  32  2:45  Probe (Chrono Boost)  
  32  2:49  Probe (Chrono Boost)  
  32  2:50  Adept, Probe  
  36  3:01  Probe  
  36  3:02  Oracle (Chrono Boost), Probe  
  41  3:11  Pylon  
  41  3:13  Probe  
  41  3:14  Probe  
  43  3:20  Adept  
  43  3:25  Probe  
  46  3:29  Probe  
  46  3:32  Gateway  
  46  3:33  Oracle (Chrono Boost)  
  47  3:37  Probe  
  51  3:42  Probe  
  51  3:44  Pylon  
  52  3:51  Probe  
  52  3:54  Probe  
  54  4:01  Nexus  
  54  4:05  Probe  
  54  4:06  Probe (Chrono Boost)  
  54  4:08  Assimilator  
  54  4:09  Assimilator  
  56  4:14  Pylon  
  56  4:18  Probe (Chrono Boost)  
  56  4:21  Gateway  
  56  4:23  Probe (Chrono Boost)  
  58  4:26  Probe (Chrono Boost)  
  58  4:27  Sentry  
  58  4:30  Probe (Chrono Boost)  
  62  4:32  Probe  
  63  4:39  Forge  
  63  4:41  Twilight Council, Probe  
  63  4:44  Probe  
  63  4:45  Sentry  
  67  4:54  Shield Battery  
  67  4:56  Probe (Chrono Boost)  
  67  4:57  Probe (Chrono Boost)  
  69  5:06  Robotics Facility, Probe (Chrono Boost)  
  70  5:10  Protoss Ground Weapons Level 1 (Chrono Boost)  
  70  5:11  Gateway  
  70  5:13  Probe (Chrono Boost)  
  73  5:15  Probe (Chrono Boost)  
  73  5:16  Gateway  
  73  5:17  Blink (Chrono Boost)  
  73  5:18  Probe (Chrono Boost)  
  74  5:22  Probe (Chrono Boost)  
  74  5:25  Probe (Chrono Boost)  
  74  5:26  Probe (Chrono Boost)  
  74  5:27  Probe (Chrono Boost)  
  76  5:28  Gateway  
  76  5:35  Probe  
  78  5:36  Probe  
  78  5:37  Sentry  
  78  5:39  Probe  
  82  5:47  Probe  
  82  5:48  Probe, Pylon  
  84  5:51  Probe  
  85  5:59  Pylon x2  
  85  6:01  Assimilator  
  85  6:05  Assimilator  
  85  6:06  Probe  
  85  6:07  Robotics Bay, Probe, Observer  
  85  6:08  Probe  
  85  6:09  Stalker x2  
  93  6:11  Pylon  
  93  6:17  Stalker x2  
  97  6:22  Pylon  
  97  6:28  Stalker  
  97  6:30  Shield Battery  
  100  6:32  Observer, Shield Battery  
  100  6:33  Stalker x3  
  106  6:40  Pylon  
  106  6:44  Stalker x2  
  110  6:47  Pylon  
  110  6:53  Colossus (Chrono Boost)  
  110  6:57  Extended Thermal Lance  
  116  7:02  Forge  
  116  7:04  Stalker x4  
  124  7:09  Protoss Ground Weapons Level 2 (Chrono Boost)  
  124  7:15  Pylon  
  124  7:16  Zealot x2  
  128  7:25  Shield Battery  
  128  7:31  Charge  
  128  7:36  Probe  
  129  7:39  Colossus (Chrono Boost)  
  129  7:41  Observer  
  129  7:42  Probe  
  129  7:43  Zealot x6  
  145  7:48  Probe  
  146  7:53  Robotics Facility  
  146  7:57  Protoss Ground Armor Level 1 (Chrono Boost)  
  146  8:01  Gateway  
  146  8:02  Gateway  
  146  8:06  Pylon  
  146  8:17  Zealot x3  
  148  8:22  Pylon  
  148  8:24  Colossus (Chrono Boost), Nexus  
  154  8:30  Shield Battery  
  154  8:32  Photon Cannon, Probe x3  
  154  8:43  Colossus (Chrono Boost)  
  154  8:44  Probe  
  154  8:45  Probe x2  
  154  8:46  Dark Shrine  
  163  8:50  Pylon  
  161  8:56  Probe  
  161  8:57  Probe  
  161  9:02  Zealot  
  165  9:05  Pylon  
  162  9:13  Disruptor (Chrono Boost)  
  162  9:14  Zealot  
  162  9:15  Zealot x3  
  173  9:19  Pylon  
  173  9:23  Probe x3  
  176  9:25  Pylon  
  176  9:27  Pylon  
  176  9:29  Protoss Ground Weapons Level 3 (Chrono Boost), Gravitic Drive (Chrono Boost)  
  176  9:30  Warp Prism (Chrono Boost)  
  178  9:35  Probe  
  178  9:37  Shield Battery  
  179  9:41  Assimilator  
  177  9:47  Assimilator, Disruptor  
  180  9:54  Zealot x4  
  180  9:55  Zealot x2  
  192  10:02  Protoss Ground Armor Level 2 (Chrono Boost)  
  192  10:05  Disruptor  
  155  10:21  Zealot x4  
  155  10:22  Zealot x4  
  155  10:23  Disruptor (Chrono Boost)  
  155  10:24  Probe x2  
  155  10:27  Shadow Stride  
  174  10:38  Disruptor (Chrono Boost)  
  177  10:44  Zealot x4  
  177  10:46  Nexus  
  177  10:47  Zealot x2  
  177  10:49  Pylon  
  189  10:52  Disruptor (Chrono Boost)  
  182  11:05  Stalker x6  
  182  11:07  Disruptor  
  191  11:13  Pylon  
  187  11:24  Disruptor  
  190  11:45  Disruptor  
  193  11:52  Zealot x5  
  193  11:53  Zealot x3  
  181  12:16  Gateway  
  181  12:19  Gateway  
  181  12:20  Gateway  
  181  12:22  Gateway  
  181  12:27  Gateway  
  181  12:28  Dark Templar x4  
  181  12:29  Dark Templar x4  
  196  12:43  Protoss Shields Level 1 (Chrono Boost), Protoss Ground Armor Level 3 (Chrono Boost)  
  183  12:53  Pylon  
  183  12:55  Pylon  
  183  12:58  Disruptor  
  181  13:03  Stalker x7  
  181  13:04  Stalker  
  200  13:10  Photon Cannon  
  200  13:12  Photon Cannon, Shield Battery  
  198  13:14  Shield Battery  
  198  13:15  Pylon  
  192  13:27  Stalker x5  
  192  13:33  Disruptor  
  177  13:43  Zealot x7  
  177  13:46  Probe x3  
  194  13:49  Probe  
  191  14:00  Probe x2  
  186  14:04  Dark Templar x5  
  186  14:05  Dark Templar x2  
  200  14:17  Pylon  
  200  14:19  Assimilator  
  200  14:23  Assimilator  
  200  14:30  Dark Templar x2  
  200  14:38  Stargate  
  194  14:42  Zealot x3  
  198  14:46  Fleet Beacon  
  198  14:52  Zealot x4  
  200  14:55  Protoss Air Weapons Level 1 (Chrono Boost)  
  200  14:59  Dark Templar x3  
  186  15:06  Disruptor  
  189  15:15  Dark Templar x5  
  197  15:24  Stalker  
  197  15:25  Stalker  
  199  15:49  Stalker  
  199  15:51  Nexus, Pylon  
  199  15:59  Zealot  
  200  16:06  Protoss Shields Level 2  
  186  16:21  Dark Templar x3  
  186  16:22  Dark Templar x2  
  192  16:32  Stargate  
  192  16:47  Stalker x4  
  192  16:49  Photon Cannon  
  192  17:11  Dark Templar x5  
  195  17:22  Stalker x6  
  200  17:29  Stalker  
  197  17:44  Stalker  
  197  17:51  Stalker x4  
  199  17:55  Stalker  
  199  17:56  Stalker x4  
  159  18:14  Stalker x5  
  159  18:15  Stalker x2  
  165  18:30  Probe x3  
  165  18:31  Probe x2  
  170  18:35  Nexus  
  170  18:40  Stalker x4  
  178  18:42  Probe  
  178  18:46  Assimilator  
  178  18:47  Assimilator  
  158  19:15  Stalker x2  
  142  19:20  Zealot x3  
  142  19:21  Zealot x6  
  157  19:27  Zealot  
  118  20:05  Nexus  
  107  20:11  Pylon  
  80  20:35  Zealot  
  80  20:36  Zealot x10  
  80  20:41  Disruptor (Chrono Boost)  
  92  20:55  Zealot  
  92  20:56  Zealot x2  
  98  20:59  Assimilator  
  98  21:00  Zealot x3  
  100  21:27  Dark Templar  
Show
View Real Time Build Order
Export as new Build Order

Clem Terran - Winner!

Build Orders:  

Get SALT Encoding   

  12  0:00  SCV  
  13  0:12  SCV  
  14  0:16  Supply Depot  
  14  0:24  SCV  
  15  0:38  SCV  
  15  0:40  Barracks  
  16  0:43  Refinery  
  16  0:50  SCV  
  17  1:02  SCV  
  18  1:14  SCV  
  19  1:27  Marine, Orbital Command  
  20  1:46  Command Center  
  20  1:47  Barracks Reactor  
  20  1:51  Supply Depot  
  20  1:54  SCV  
  21  2:06  SCV  
  22  2:21  Command Center  
  22  2:23  SCV  
  22  2:24  Marine  
  22  2:27  Marine  
  25  2:35  SCV  
  26  2:37  Barracks  
  26  2:42  Marine  
  27  2:45  Marine  
  27  2:47  SCV  
  29  2:54  Bunker  
  29  3:00  Orbital Command  
  29  3:02  SCV  
  29  3:04  Marine  
  31  3:07  Marine  
  32  3:14  SCV  
  33  3:21  Engineering Bay  
  33  3:22  Marine  
  33  3:25  Marine  
  33  3:26  SCV, Barracks Tech Lab  
  36  3:29  SCV  
  37  3:35  Orbital Command  
  37  3:38  SCV  
  37  3:40  Marine  
  40  3:41  SCV  
  40  3:43  Marine  
  40  3:46  Marine  
  40  3:47  Stimpack  
  42  3:50  SCV  
  42  3:53  Terran Infantry Weapons Level 1  
  42  3:54  SCV  
  44  4:00  Marine  
  44  4:01  SCV, Marine  
  44  4:02  SCV  
  48  4:05  Missile Turret  
  48  4:06  SCV  
  48  4:07  Marine  
  50  4:11  Factory  
  50  4:15  Missile Turret  
  50  4:17  SCV, Marine  
  50  4:18  SCV  
  50  4:19  SCV  
  50  4:22  Supply Depot  
  50  4:23  Marine  
  55  4:28  Refinery  
  55  4:31  SCV x2  
  56  4:32  SCV, Marine  
  56  4:35  Refinery  
  58  4:39  Marine  
  58  4:40  Supply Depot  
  58  4:43  SCV x2  
  58  4:44  SCV  
  62  4:51  Marine x2, Barracks  
  64  4:55  Supply Depot, SCV  
  64  4:57  Marine  
  64  4:59  Starport  
  66  5:00  Factory Reactor  
  66  5:04  SCV  
  66  5:06  Refinery  
  67  5:07  SCV  
  67  5:09  Marine x2  
  67  5:12  Supply Depot  
  70  5:14  Orbital Command  
  70  5:16  SCV  
  70  5:19  SCV  
  70  5:20  Marine  
  72  5:27  Marine  
  72  5:28  SCV, Marine, Barracks  
  74  5:29  Barracks  
  74  5:31  Combat Shield  
  74  5:32  SCV  
  76  5:39  Supply Depot, Barracks Tech Lab  
  76  5:40  SCV, Marine  
  76  5:42  Factory Reactor  
  78  5:43  Medivac  
  78  5:45  Marine  
  78  5:46  Medivac  
  78  5:49  Marine  
  84  5:50  SCV  
  84  5:51  SCV  
  84  5:55  Supply Depot, SCV  
  86  5:58  Terran Infantry Armor Level 1  
  86  6:01  Missile Turret  
  86  6:05  Supply Depot  
  86  6:06  Concussive Shells  
  86  6:07  SCV  
  86  6:09  SCV  
  88  6:12  Marauder  
  88  6:13  Marauder  
  88  6:16  Barracks Reactor  
  88  6:17  Supply Depot, Barracks Tech Lab  
  92  6:19  Medivac  
  92  6:22  Medivac  
  92  6:23  SCV  
  97  6:26  Widow Mine x2  
  97  6:27  SCV  
  97  6:29  Supply Depot  
  97  6:30  Marine x2  
  97  6:31  SCV  
  105  6:36  Marauder x2  
  105  6:38  Marauder  
  105  6:39  SCV  
  112  6:45  Supply Depot  
  112  6:46  SCV x2  
  114  6:48  Marine x2  
  114  6:49  Widow Mine x2  
  114  6:51  SCV  
  121  6:54  Missile Turret  
  121  6:55  Marine x2  
  121  6:56  Medivac x2  
  121  7:00  Supply Depot, SCV x2  
  129  7:03  Refinery x2  
  129  7:05  Armory  
  129  7:07  Engineering Bay  
  131  7:08  Marauder  
  131  7:12  Marauder  
  131  7:13  Marauder  
  135  7:19  SCV x3  
  135  7:21  Supply Depot  
  135  7:22  Marine x3  
  141  7:26  Widow Mine x2  
  147  7:30  Marauder  
  147  7:36  Marauder  
  147  7:43  Marine x4  
  146  7:47  Command Center  
  146  7:51  Marine  
  143  7:53  Terran Infantry Weapons Level 2, Terran Infantry Armor Level 2  
  143  7:56  Widow Mine, Supply Depot  
  143  7:57  Widow Mine  
  147  8:00  Medivac  
  147  8:01  Marine x3  
  147  8:03  Medivac  
  147  8:05  Marine  
  154  8:09  SCV x2  
  146  8:16  Marauder x3  
  145  8:20  Ghost Academy  
  145  8:22  Barracks  
  145  8:23  Marine x2, Barracks  
  147  8:29  Barracks  
  147  8:31  Viking  
  147  8:33  Viking  
  148  8:37  Marauder  
  148  8:40  Marauder  
  150  8:45  Marauder  
  150  8:46  Marine x4  
  156  8:49  Supply Depot  
  155  8:56  Widow Mine x2  
  155  8:57  Terran Ship Weapons Level 1  
  155  8:58  Ghost  
  155  9:00  Supply Depot  
  158  9:02  SCV  
  158  9:03  SCV, Ghost  
  158  9:06  Marine  
  158  9:07  Marine x2  
  158  9:08  Marine  
  165  9:14  Barracks Tech Lab  
  165  9:15  Barracks Tech Lab  
  165  9:16  Barracks Reactor  
  163  9:20  Planetary Fortress  
  163  9:22  Viking x2  
  167  9:24  Starport  
  167  9:28  SCV  
  167  9:29  Enhanced Shockwaves  
  168  9:32  Ghost  
  168  9:38  Marauder x2  
  174  9:41  Refinery x2  
  174  9:43  Bunker  
  174  9:45  Missile Turret  
  173  9:47  Marine x4  
  173  9:49  Marauder  
  173  9:50  Marauder  
  181  9:59  Marauder x2  
  180  10:01  Marauder, Marine  
  180  10:04  Marine  
  180  10:05  Marine  
  174  10:09  Ghost  
  174  10:11  Marine x2  
  174  10:12  Viking x3  
  174  10:14  Ghost  
  172  10:20  Ghost  
  172  10:21  Marauder  
  169  10:24  SCV x3  
  169  10:27  Marine x2  
  169  10:28  Marauder  
  176  10:32  Viking  
  178  10:39  Marauder, SCV  
  178  10:40  SCV  
  178  10:41  Ghost  
  184  10:43  Terran Infantry Weapons Level 3  
  184  10:45  Marine x2  
  184  10:46  Marauder  
  184  10:49  Marauder x2  
  192  10:54  Viking, Marine  
  185  11:00  Marauder  
  187  11:04  SCV x3  
  187  11:07  Marauder  
  187  11:10  Marauder x2  
  195  11:19  Marine  
  196  11:27  Command Center  
  196  11:32  Terran Infantry Armor Level 3  
  196  11:35  Terran Ship Weapons Level 2  
  196  11:47  Fusion Core, Ghost  
  196  11:50  Marauder, Marine  
  196  11:51  Marauder x2, Marine  
  196  11:58  Viking  
  196  11:59  Marauder, Marine  
  195  12:03  Viking  
  195  12:04  Viking  
  195  12:05  Viking  
  191  12:11  Marauder  
  191  12:12  Ghost  
  192  12:18  Marauder  
  191  12:23  Marauder  
  191  12:27  Marine x4  
  195  12:38  Marauder x2, Viking x2  
  195  12:39  Viking  
  195  12:41  Viking  
  199  12:48  SCV  
  199  12:49  SCV  
  199  12:50  Marauder  
  199  12:51  SCV  
  196  12:55  Marauder x2  
  200  13:01  Personal Cloaking  
  198  13:08  Viking  
  200  13:18  Advanced Ballistics  
  200  13:19  Starport  
  200  13:23  Command Center  
  198  13:28  Liberator  
  195  13:34  Liberator  
  195  13:36  Ghost  
  195  13:37  Marine x2  
  195  13:38  Liberator, Medivac  
  195  13:40  Marine  
  191  13:45  Planetary Fortress  
  191  13:47  Refinery x2  
  191  13:49  Missile Turret, Marine x3  
  191  13:51  Marauder x2  
  191  13:53  Marauder x2  
  198  13:58  Marine  
  193  14:05  Marauder  
  193  14:06  Sensor Tower  
  193  14:07  Liberator  
  198  14:10  Starport Reactor  
  198  14:12  Marauder  
  195  14:26  Missile Turret  
  195  14:27  Missile Turret x2  
  195  14:29  Marauder x2  
  195  14:30  Liberator, Marine x2  
  196  14:35  Marine  
  197  14:41  Liberator  
  197  14:44  Sensor Tower  
  197  14:45  Liberator, Missile Turret  
  195  14:46  Missile Turret  
  195  14:50  Liberator  
  190  14:54  Liberator  
  190  14:55  Ghost  
  190  14:56  Marine x3  
  192  15:00  Marauder  
  192  15:02  Missile Turret  
  192  15:03  Liberator, Marine  
  192  15:04  Marine  
  199  15:07  Command Center  
  199  15:08  Marine  
  199  15:09  Command Center  
  192  15:23  Liberator, Marine x3  
  192  15:24  Marauder, Liberator, Marine  
  192  15:25  Marauder x3  
  196  15:29  Marauder  
  196  15:32  Marine  
  197  15:38  Liberator  
  200  15:43  Ghost Academy  
  200  15:45  Ghost Academy  
  200  15:46  Command Center  
  200  16:02  Terran Ship Weapons Level 3  
  193  16:12  Medivac  
  193  16:17  Liberator  
  194  16:23  Orbital Command  
  194  16:25  Medivac  
  194  16:27  Medivac  
  198  16:32  Command Center  
  198  16:40  Ghost  
  198  16:46  Ghost  
  198  16:47  Marine x3  
  188  16:48  Medivac x2, Marine x2  
  188  16:53  Marauder  
  199  17:02  Missile Turret  
  199  17:04  Missile Turret x2  
  199  17:06  Medivac, Refinery  
  199  17:07  Refinery, Orbital Command  
  197  17:24  Medivac  
  197  17:29  Liberator  
  197  17:33  Marauder x2  
  197  17:40  Medivac  
  199  17:44  Marine  
  199  17:51  Command Center, Marine  
  199  17:53  Command Center  
  197  18:10  Medivac  
  197  18:11  Medivac, Marine x3  
  197  18:12  Marauder x3, Marine x3  
  169  18:14  Medivac, Marine x2  
  169  18:18  Medivac x2  
  160  18:22  Planetary Fortress  
  160  18:29  Marine x3  
  160  18:30  Marine  
  160  18:32  Marauder  
  160  18:33  Marauder x2, Missile Turret, Marine x2  
  163  18:34  Marauder  
  163  18:35  Marauder, Liberator  
  170  18:47  Marine  
  166  18:54  Marauder x3  
  166  18:56  Marauder x2  
  148  19:03  Orbital Command  
  148  19:07  Marine x2  
  147  19:10  Marine  
  147  19:14  Ghost, Marine  
  147  19:15  Marauder  
  147  19:16  Marine  
  154  19:18  Medivac  
  154  19:20  Marauder x2, Marine x2  
  155  19:25  Marine  
  155  19:26  Marine  
  155  19:28  Refinery  
  155  19:30  Marine  
  158  19:37  Marauder  
  159  19:39  Marauder, Marine x2  
  159  19:42  Marauder  
  160  19:50  Marauder  
  160  19:51  Marine  
  152  19:53  Marine  
  152  19:56  Orbital Command  
  152  19:58  Marauder, Marine x2  
  153  20:00  Marauder  
  153  20:02  Marine x2  
  153  20:03  Marine  
  156  20:09  Marine  
  156  20:11  Marine  
  156  20:12  Marauder  
  160  20:15  Marine  
  160  20:19  Marauder, SCV  
  151  20:21  Marauder  
  151  20:25  SCV, Orbital Command  
  140  20:31  Marine  
  140  20:33  Marine  
  129  20:38  Marauder  
  129  20:41  SCV  
  132  20:47  SCV  
  133  20:53  Ghost  
  135  21:02  Marine  
  135  21:03  Marine x3  
  139  21:05  Marine x2  
  139  21:09  SCV x2  
  139  21:10  Orbital Command  
  144  21:11  SCV, Marine, Orbital Command  
  139  21:27  Marauder  
  139  21:29  Marauder  
  139  21:31  Marauder  

Tags
 
Add a new tag
Caveats
  • Supply blocks, unpowered buildings, or Contaminate may cause inaccurate times.
  • Supply counts are checked every 10 seconds.